 Dungeon Crawl Stone Soup version 0.22-a0-480-g991dd4b (webtiles) character file.

53 KillYourself the Skirmisher (level 3, -5/33 HPs)
             Began as a Hill Orc Fighter on June 16, 2018.
             Was an Initiate of Qazlal.
             Slain by Thaneod's ghost (9 damage)
             ... on level 3 of the Dungeon.
             The game lasted 00:04:39 (1564 turns).

KillYourself the Skirmisher (Hill Orc Fighter)      Turns: 1564, Time: 00:04:39

Health: -5/33      AC:  7    Str: 19    XL:     3   Next: 87%
Magic:  3/3        EV:  7    Int:  8    God:    Qazlal [......]
Gold:   64         SH:  9    Dex: 10    Spells: 2/2 levels left

rFire    . . .     SeeInvis .   a - +0 war axe
rCold    . . .     Gourm    .   c - +0 shield
rNeg     . . .     Faith    .   b - +0 scale mail
rPois    .         Spirit   .   (no helmet)
rElec    .         Reflect  .   (no cloak)
rCorr    .         Harm     .   (no gloves)
MR       .....                  (no boots)
Stlth    ..........             (no amulet)
HPRegen  0.11/turn              (no ring)
MPRegen  0.08/turn              (no ring)

@: no status effects
A: no striking features
a: Renounce Religion


You were on level 3 of the Dungeon.
You worshipped Qazlal.
Qazlal was noncommittal.
You were very hungry.

You visited 1 branch of the dungeon, and saw 3 of its levels.

You collected 64 gold pieces.

Inventory:

Hand Weapons
 a - a +0 war axe (weapon)
Armour
 b - a +0 scale mail (worn)
 c - a +0 shield (worn)
Jewellery
 g - an uncursed amulet of rage {unknown}
Scrolls
 e - a scroll of noise {unknown}
 h - a scroll of fear {unknown}
 l - 2 scrolls of remove curse {unknown}
 n - a scroll of fog {unknown}
 o - a scroll of identify {unknown}
Potions
 d - a potion of might
 i - a potion of resistance {unknown}
 j - a potion of cancellation {unknown}
 k - a potion of mutation {unknown}
 m - a potion of magic {unknown}
Comestibles
 f - a ration


   Skills:
 + Level 4.0 Fighting
 + Level 3.8 Axes
 + Level 3.8 Armour
 + Level 0.1 Dodging
 + Level 3.8 Shields


You had 2 spell levels left.
You didn't know any spells.
Your spell library was empty.

Dungeon Overview and Level Annotations

Branches:
Dungeon (3/15)

Altars:
Dithmenos
Qazlal

Annotations:
D:3 Thaneod's ghost, amateur GnFi


Message History

You hit Thaneod's ghost but do no damage.
You hit the goblin. You block Thaneod's ghost's attack.
The goblin hits you but does no damage. Thaneod's ghost hits you.
You closely miss Thaneod's ghost. You slash the goblin!
You kill the goblin!
Qazlal accepts your kill. Thaneod's ghost hits you!
You slash Thaneod's ghost!
Thaneod's ghost is lightly damaged.
You barely miss the goblin. The goblin hits you with a club.
Thaneod's ghost hits you but does no damage.
The goblin hits you but does no damage.
You barely miss Thaneod's ghost.
Thaneod's ghost is lightly damaged.
Your shield and scale mail prevent you from hitting the goblin.
Thaneod's ghost hits you!
* * * LOW HITPOINT WARNING * * *
You block Thaneod's ghost's attack. The goblin hits you but does no damage.
Thaneod's ghost hits you!
You die...

#........... ...........
.......... ........
######.....# ..#
..........# ..#
..........# #>.
.......@..# #.#
........Wo#######.### o
#..####.g..##...#...##..
# ####.#............
#......<...).#
##...........#
.................
...............#..
.$######........#.#


You could see Thaneod's ghost, an orc and a goblin.

Vanquished Creatures
  An adder (D:2)
  A worm (D:2)
  A dart slug (D:2)
  2 leopard geckos
  7 goblins
  4 jackals (D:1)
  5 bats
  2 frilled lizards (D:1)
  5 kobolds
  9 rats
37 creatures vanquished.

Notes
Turn   | Place    | Note
-------+----------+-------------------------------------------
     0 | D:1      | KillYourself the Hill Orc Fighter began the quest for the Orb.
     0 | D:1      | Reached XP level 1. HP: 19/19 MP: 1/1
   141 | D:1      | Reached XP level 2. HP: 26/26 MP: 2/2
   572 | D:2      | Reached XP level 3. HP: 33/33 MP: 3/3
   591 | D:2      | Found a shadowy altar of Dithmenos.
   908 | D:2      | Found a stormy altar of Qazlal.
   919 | D:2      | Became a worshipper of Qazlal Stormbringer
  1058 | D:2      | Reached skill level 4 in Fighting
  1542 | D:3      | Noticed Thaneod's ghost (amateur GnFi)
  1564 | D:3      | Slain by Thaneod's ghost

Vault maps used:
D:1:      giann_wishing_wells
D:2:      nicolae_dithmenos_shadow_blocks, lemuel_coloured_pillars_altar
D:3:      uniq_terence

Skill      XL: |  1  2  3 |
---------------+----------+-----
Axes           | 3 |  3.8
Fighting       | 4 |  4.0
Armour         | |  3.8
Dodging        | |  0.1
Shields        | |  3.8

Action                   || total
-------------------------++-------
Melee: War axe           ||   103
  Eat: Chunk             ||     1
Armor: Scale mail        ||    46
Dodge: Dodged            ||    40
Block: Shield            ||    72

Table legend:
 A = Spawn XP
 B = Non-spawn XP
 C = Spawn XP percentage of total XP
 D = Spawn monster count
 E = Non-spawn monster count
 F = Spawn count percentage of total count
 G = Total turns spent on level
                    A         B        C        D         E        F      G
               +---------+---------+-------+---------+---------+-------+---------
         Total |       0 |      76 |   0.0 |       0 |      37 |   0.0 |  1564
               +---------+---------+-------+---------+---------+-------+---------
           D:1 |       0 |      26 |   0.0 |       0 |      17 |   0.0 |   508
           D:2 |       0 |      47 |   0.0 |       0 |      18 |   0.0 |  1031
           D:3 |       0 |       3 |   0.0 |       0 |       2 |   0.0 |    25
               +---------+---------+-------+---------+---------+-------+---------
